 Dungeon Crawl Stone Soup version 0.31-a0-675-g238779eb0a (webtiles) character file.

Game seed: 319704099265851492

135 Xavori the Cutter (level 5, -2/28 (32) HPs)
             Began as an Octopode Chaos Knight on Sept 5, 2023.
             Was a Plaything of Xom.
             Slain by a phantom (5 damage)
             ... on level 6 of the Dungeon.
             The game lasted 00:02:38 (9204 turns).

Xavori the Cutter (Octopode Chaos Knight)           Turns: 9204, Time: 00:02:38

HP:   -2/28 (32)    AC:  2    Str: 11      XL:     5   Next: 18%
MP:   4/4           EV: 13    Int: 11 (12) God:    Xom [......]
Gold: 130           SH:  6    Dex: 14      Spells: 4/4 levels left

rFire   . . .        a - +0 short sword (chaos)
rCold   + + .        l - +2 buckler {rC+}
rNeg    . . .        (helmet restricted)
rPois   .            (no amulet)
rElec   .            j - ring of protection from cold
rCorr   .            (no ring)
SInv    .            (no ring)
Will    .....        (no ring)
Stlth   +++          (no ring)
HPRegen 0.24/turn    (no ring)
MPRegen 0.09/turn    (no ring)
                     (no ring)

%: no passive effects
@: attractive, heavily drained
A: almost no armour, amphibious, 8 rings, camouflage 1, gelatinous body 1,
(nimble swimmer 1), tentacles, dopey 1, frail 1, low MP 2, mutation resistance
1, passive freeze, screaming 1, shaggy fur 1, noise suppression
a: Renounce Religion


You were on level 6 of the Dungeon.
You worshipped Xom.
You were a very special plaything of Xom.
You visited 1 branch of the dungeon, and saw 4 of its levels.

You collected 130 gold pieces.

Inventory:

Hand Weapons
 a - a +0 short sword of chaos (weapon)
Armour
 l - a +2 buckler of cold resistance (worn)
Jewellery
 j - a ring of protection from cold (left tentacle)
 k - a ring of fire
Wands
 i - a wand of flame (20)
 m - a wand of acid (9)
Scrolls
 b - a scroll of butterflies
 c - a scroll of teleportation {unknown}
 d - a scroll of fear {unknown}
 e - a scroll of identify {unknown}
 f - a scroll of noise {unknown}
 h - a scroll of torment {unknown}


   Skills:
 + Level 3.6 Fighting
 + Level 4.2 Short Blades
 + Level 3.1 Dodging
 + Level 3.1 Stealth


You had 4 spell levels left.
You didn't know any spells.
Your spell library was empty.

Dungeon Overview and Level Annotations

Branches:
Dungeon (3/15)

Altars:


Innate Abilities, Weirdness & Mutations

You cannot wear most types of armour.
You are amphibious.
You can wear up to eight rings at the same time.
Your skin changes colour to match your surroundings (Stealth+).
Your rubbery body absorbs attacks. (AC +1, EV +1)
((You are camouflaged when in or above water. (Stealth+)))
You have tentacles for arms and can constrict up to eight enemies at once.
You are dopey. (Int -2)
You are frail. (-10% HP)
Your magical capacity is very low. (-20% MP)
You are somewhat resistant to further mutation.
A frigid envelope surrounds you and freezes all who hurt you.
You occasionally shout uncontrollably at your foes.
You are covered in fur. (AC +1)
You passively dampen the noise of your surroundings.


Message History

The phantom closely misses you.
The orc wizard attacks as it pursues you!
The orc wizard barely misses you. The orc is attracted toward you.
You open the door. The phantom hits you!
* * * LOW HITPOINT WARNING * * *
The phantom resists.
The phantom is very cold.
The phantom is lightly damaged.
The phantom blinks!
You blink.
The phantom closely misses you.
The orc wizard gestures at you while chanting.
You are confused.
The orc wizard is attracted toward you. The orc is attracted toward you.
The orc wizard is attracted toward you.
Unknown command.
The orc wizard casts a spell.
The orc wizard flickers and vanishes!
Deactivating autopickup; reactivate with Ctrl-A.
Something is attracted toward you.
Unknown command.
The phantom closely misses you. Something hits you but does no damage.
The orc wizard attacks as it pursues you!
The orc wizard hits you with a +0 dagger.
* * * LOW HITPOINT WARNING * * *
The orc wizard is very cold.
The orc wizard is moderately wounded.
The orc is attracted toward you. The phantom attacks as it pursues you!
The phantom closely misses you. Something hits you.
* * * LOW HITPOINT WARNING * * *
The orc wizard is attracted toward you.
You bump into the rock wall.
The phantom barely misses you. The phantom closely misses you.
The orc wizard closely misses you. Something completely misses you.
The orc hits you with a +0 short sword.
* * * LOW HITPOINT WARNING * * *
The orc is very cold.
The orc is moderately wounded.
You bump into the rock wall.
You feel less confused. The phantom hits you.
You die...
Xom roars with laughter!

#######'####
#..........#
#..........#
##..........#
............#
#...........#
#...........#
####...{Wo§.#
#....@o..#
##.#.#####
#.#.# ....#
.$<#.# #.#. #
#. #.


You could see a phantom (fast), an orc wizard and an orc.

Vanquished Creatures
  Terence (D:2)
  3 adders
  2 worms (D:2)
  8 dart slugs
  2 orcs (D:6)
  3 ball pythons (D:1)
  2 bats (D:1)
  5 endoplasms
  3 giant cockroaches
  2 goblins
  5 hobgoblins (D:1)
  7 jackals
  3 quokkas
  3 frilled lizards
  4 kobolds (D:1)
  6 rats
59 creatures vanquished.

Notes
Turn   | Place    | Note
-------+----------+-------------------------------------------
     0 | D:1      | Xavori the Octopode Chaos Knight began the quest for the
                  | Orb.
     0 | D:1      | Reached XP level 1. HP: 16/16 MP: 1/1
   276 | D:1      | Reached XP level 2. HP: 18/21 MP: 2/2
   601 | D:1      | Reached XP level 3. HP: 26/26 MP: 3/3
   622 | D:1      | XOM: noise
   676 | D:1      | XOM: noise
   813 | D:1      | XOM: noise
  1588 | D:1      | XOM: give mutations
  1588 | D:1      | Gained mutation: You are partially covered in iridescent
                  | scales. (AC +2) [Xom's grace]
  1588 | D:1      | Gained mutation: You are covered in fur. (AC +1) [Xom's
                  | grace]
  1802 | D:1      | XOM: divination: detect creatures
  1907 | D:2      | XOM: god gift: scroll labelled GUNA GIYTAMNEPH {god gift}
  2005 | D:2      | Reached skill level 1 in Stealth
  2033 | D:2      | Reached XP level 4. HP: 31/31 MP: 4/4
  2110 | D:2      | Noticed Terence
  2110 | D:2      | XOM: 2-stop teleportation journey
  2115 | D:2      | XOM: smoke on damage
  2124 | D:2      | Killed Terence
  2125 | D:2      | Reached skill level 4 in Short Blades
  2714 | D:2      | Reached XP level 5. HP: 36/36 MP: 5/5
  2813 | D:2      | XOM: god gift: ruby potion {god gift}
  2828 | D:2      | XOM: give mutations
  2828 | D:2      | Gained mutation: One of your tentacles bears a spike.
                  | [Xom's mischief]
  2828 | D:2      | Lost mutation: You are partially covered in iridescent
                  | scales. (AC +2) [Xom's mischief]
  2828 | D:2      | Gained mutation: You occasionally shout uncontrollably at
                  | your foes. [Xom's mischief]
  2923 | D:3      | Found a faded altar of an unknown god.
  2923 | D:3      | XOM: stealth player
  3172 | D:2      | XOM: give mutation
  3172 | D:2      | Gained mutation: You are dopey. (Int -2) [Xom's mischief]
  3251 | D:2      | XOM: noise
  4474 | D:2      | XOM: silly message
  5120 | D:2      | XOM is BORED!
  5320 | D:2      | XOM: stat loss: -1 Int (11/12)
  5494 | D:2      | XOM: give mutation
  5494 | D:2      | Gained mutation: You are frail. (-10% HP) [Xom's mischief]
  5735 | D:2      | XOM: give mutations
  5735 | D:2      | Lost mutation: One of your tentacles bears a spike. [Xom's
                  | mischief]
  5735 | D:2      | Gained mutation: Your magical capacity is low. (-10% MP)
                  | [Xom's mischief]
  5898 | D:2      | XOM: noise
  5997 | D:2      | XOM: draining
  7045 | D:2      | XOM: silly message
  7189 | D:2      | XOM is BORED!
  7189 | D:2      | XOM: give mutations
  7189 | D:2      | Gained mutation: You are somewhat resistant to further
                  | mutation. [Xom's mischief]
  7189 | D:2      | Gained mutation: Your magical capacity is very low. (-20%
                  | MP) [Xom's mischief]
  7891 | D:2      | XOM: summons 3 hostile demons
  8406 | D:2      | XOM is BORED!
  8406 | D:2      | XOM: summons 3 hostile demons
  8452 | D:3      | XOM: god gift: +2 buckler of cold resistance
  8462 | D:3      | XOM: give mutations
  8462 | D:3      | Gained mutation: You are very frail. (-20% HP) [Xom's
                  | mischief]
  8462 | D:3      | Gained mutation: You passively dampen the noise of your
                  | surroundings. [Xom's mischief]
  8462 | D:3      | Gained mutation: A frigid envelope surrounds you and
                  | freezes all who hurt you. [Xom's mischief]
  8462 | D:3      | Lost mutation: You are very frail. (-20% HP) [Xom's
                  | mischief]
  8977 | D:2      | XOM: summons 2 hostile shadow creatures
  9108 | D:3      | XOM: 4-stop teleportation journey
  9109 | D:3      | You fall into a shaft and drop 3 floors!
  9189 | D:6      | Noticed a phantom
  9189 | D:6      | XOM: 2-stop teleportation journey
  9204 | D:6      | Slain by a phantom

Illustrated notes

Levels and vault maps discovered:
D:1:      dpeg_arrival_rhombus, layout_loops_corners
D:2:      layout_basic, minmay_misc_feat_diagonals, uniq_terence
D:3:      layout_basic, nicolae_ecumenical_pavilion
D:6:      layout_basic, minmay_temple_entry_junction, uniq_blork_the_orc,
          uniq_grinder

Skill      XL: |  1  2  3  4  5 |
---------------+----------------+-----
Stealth        | 1 2 3 |  3.1
Dodging        | 3 |  3.1
Short Blades   | 4 |  4.2
Fighting       | |  3.6

Action                     |  1- 3 |  4- 6 || total
---------------------------+-------+-------++-------
  Melee: Short sword       |    84 |    57 ||   141
         Constrict         |    20 |    10 ||    30
         Tentacles         |    10 |     8 ||    18
         Punch             |     1 |       ||     1
    Use: Scroll            |     1 |       ||     1
         Potion            |       |     2 ||     2
   Stab: Sleeping          |     5 |     9 ||    14
         Paralysed         |     1 |       ||     1
 Armour: Skin              |    24 |    22 ||    46
  Dodge: Dodged            |    40 |    29 ||    69
  Block: Buckler           |       |     3 ||     3

Table legend: (Time is in decaauts)
 A = Elapsed time spent in this place.
 B = Non-inter-level travel time spent in this place.
 C = Inter-level travel time spent in this place.
 D = Time resting spent in this place.
 E = Time spent auto-exploring this place.
 F = Levels seen in this place.
 G = Mean time per level.
                   A        B        C        D        E       F      G
               +--------+--------+--------+--------+--------+-----+--------+
         Total |   9181 |   9138 |     43 |   7245 |   1483 |   4 | 2295.2 |
       Dungeon |   9181 |   9138 |     43 |   7245 |   1483 |   4 | 2295.2 |
               +--------+--------+--------+--------+--------+-----+--------+

Top non-repeatable levels by time:
     D:2: 6686 daAuts
     D:1: 1889 daAuts
     D:3: 512 daAuts
     D:6: 92 daAuts
